 Dungeon Sprint DCSS version 0.30-a0-56-ge6a4009bfd (webtiles) character file.

Game seed: 8139812235238186831

135 mhtbhm the Geomancer (level 5, -4/28 HPs)
             Began as a Gargoyle Earth Elementalist on Sept 10, 2022.
             Slain by a soul eater (17 damage)
             ... summoned by a kobold demonologist
             ... in the Dungeon (Sprint III: "The Ten Rune Challenge").
             The game lasted 00:01:42 (582 turns).

mhtbhm the Geomancer (Gargoyle Earth Elementalist)   Turns: 582, Time: 00:01:42

Health: -4/28      AC:  6    Str: 11    XL:     5   Next: 18%
Magic:  0/12       EV: 12    Int: 18    God:
Gold:   50         SH:  0    Dex: 10    Spells: 8/14 levels left

rFire   . . .      SeeInvis .    (no weapon)
rCold   . . .      Faith    .    (no shield)
rNeg    + . .      Spirit   .    a - +0 robe
rPois   ∞          Reflect  .    (helmet restricted)
rElec   +          Harm     .    (no cloak)
rCorr   .          Rampage  .    (no gloves)
Will    .....      NoTele   +    (no boots)
Stlth   ++........               (no amulet)
HPRegen 0.09/turn                (no ring)
MPRegen 0.13/turn                (no ring)

@: no status effects
A: sickness immunity, AC +4, negative energy resistance 1, electricity
resistance, torment resistance 1, petrification resistance, horns 1, sense
surroundings 1
a: no special abilities


You were in the Dungeon.
You visited 1 branch You collected 50 gold pieces.

Inventory:

Armour
 a - a +0 robe (worn)
Scrolls
 j - 2 scrolls of immolation {unknown}
 k - 2 scrolls of identify {unknown}
Potions
 b - 3 potions of magic
 c - a potion of curing
 d - a potion of heal wounds
 e - a potion of haste
 f - a potion of berserk rage
 h - 2 potions of flight {unknown}
 i - 2 potions of mutation
 l - a potion of might {unknown}
 m - a potion of degeneration {unknown}


   Skills:
 + Level 3.0 Dodging
 + Level 3.7 Stealth
 + Level 5.4 Spellcasting
 + Level 0.9 Transmutations
 + Level 9.2 Earth Magic


You had 8 spell levels left.
You knew the following spells:

 Your Spells              Type           Power      Damage    Failure   Level
a - Sandblast             Erth           76%        2d16      1%          1
b - Passwall              Tmut/Erth      19%        N/A       2%          2
c - Stone Arrow           Conj/Erth      42%        3d9       6%          3

Your spell library contained the following spells:

 Spells                   Type           Power      Damage    Failure   Level
 Petrify                  Tmut/Erth      23%        N/A       16%         4


Dungeon Overview and Level Annotations

Branches:
Dungeon (1/1)

Altars:
Kikubaaqudgha
Sif Muna
Vehumet


Innate Abilities, Weirdness & Mutations

You are immune to sickness and miasma.
Your stone body is resilient. (AC +4)
You are immune to poison.
You resist negative energy. (rN+)
You are resistant to electric shocks. (rElec)
You are resistant to unholy torment.
You are immune to petrification.
You have a pair of small horns on your head.
You passively map a small area around you.


Message History

The blast of sand hits the kobold demonologist!
The kobold demonologist is almost dead.
The kobold demonologist hits you with a +0 dagger.
Okay, then.
Casting: Sandblast (safe; 1% risk of failure)
Confirm with . or Enter, or press ? or * to list all spells.
The spell is quite dangerous to miscast (6% risk of failure)!
Continue anyway? [Y]es or [N]o only, please.
The spell is quite dangerous to miscast (6% risk of failure)!
Continue anyway?
Aiming: Stone Arrow (quite dangerous; 6% risk of failure)
Press: ? - help, Shift-Dir - straight line, f/p - kobold demonologist
Aim: a kobold demonologist, wielding a +0 dagger and wearing a +0 robe (almost dead, 60% to hit)
The stone arrow hits the soul eater!
The soul eater is lightly wounded.
The soul eater hits you!
Unknown command.
Unknown command.
Casting: Stone Arrow (quite dangerous; 6% risk of failure)
Confirm with . or Enter, or press ? or * to list all spells.
The spell is quite dangerous to miscast (6% risk of failure)!
Continue anyway?
Aiming: Stone Arrow (quite dangerous; 6% risk of failure)
Press: ? - help, Shift-Dir - straight line, f/p - kobold demonologist
Aim: a kobold demonologist, wielding a +0 dagger and wearing a +0 robe (almost dead, 60% to hit)
The stone arrow hits the soul eater!
The soul eater is moderately wounded.
The kobold demonologist gestures wildly while chanting.
The soul eater hits you.
Unknown command.
Casting: Stone Arrow (quite dangerous; 6% risk of failure)
Confirm with . or Enter, or press ? or * to list all spells.
Aiming: Sandblast (safe; 1% risk of failure)
Press: ? - help, Shift-Dir - straight line, f/p - kobold demonologist
Aim: a kobold demonologist, wielding a +0 dagger and wearing a +0 robe (almost dead, 78% to hit)
The blast of sand hits the soul eater but does no damage.
The soul eater is moderately wounded.
The ufetubus completely misses you. The ufetubus closely misses you.
The kobold demonologist casts a spell.
The soul eater hits you!
Ouch! That really hurt!
You die...

#..'...♣♣ ♣.# ** * *
#..#....♣ ♣♣.# _
####....♣♣♣ ♣..#,, _ , ,
...#....~.♣ ♣..###+#+###+##
,
...#...~~.♣♣♣..#..........#
...#..~~~~.♣...'.⌠........#
##)#..~≈≈~~~...#...######+#
, ...#.~~≈~~~....#.⌠.#
...#.~≈~~~.....#@5.# _
...#.~~~.......#3###
####...........#K: _ , ,
.......÷.......#_4_* *
▓▓▓▓▓▓▓▓▓▓▓▓▓▓▓▓▓▓▓▓* * , ,
* * ~ , ~ ~ + , * * * * ,


You could see a soul eater (summoned), an ice devil (summoned), a kobold
demonologist and an ufetubus (summoned).

Vanquished Creatures
  A water elemental (D)
  A wizard (D)
  Jessica (D)
  A human (D)
  A phantom (D)
  An endoplasm (D)
  2 rats (D)
8 creatures vanquished.

Notes
Turn   | Place    | Note
-------+----------+-------------------------------------------
     0 | D        | mhtbhm the Gargoyle Earth Elementalist began the quest for
                  | the Orb.
     0 | D        | Reached XP level 1. HP: 10/10 MP: 3/3
     3 | D        | Reached skill level 4 in Earth Magic
    81 | D        | Noticed Jessica
    84 | D        | Killed Jessica
    85 | D        | Reached skill level 6 in Earth Magic
    85 | D        | Reached XP level 2. HP: 15/15 MP: 0/6
    85 | D        | Reached XP level 3. HP: 19/19 MP: 0/7
    88 | D        | Learned a level 2 spell: Passwall
    92 | D        | Learned a level 3 spell: Stone Arrow
   191 | D        | Reached skill level 7 in Earth Magic
   273 | D        | Gained mutation: You have a pair of small horns on your
                  | head. [potion of mutation]
   273 | D        | Gained mutation: You passively map a small area around you.
                  | [potion of mutation]
   289 | D        | Noticed a water elemental
   312 | D        | Killed a water elemental
   313 | D        | Reached skill level 8 in Earth Magic
   313 | D        | Reached XP level 4. HP: 3/24 MP: 4/10
   575 | D        | Found a radiant altar of Vehumet.
   575 | D        | Found a shimmering blue altar of Sif Muna.
   575 | D        | Found an ancient bone altar of Kikubaaqudgha.
   575 | D        | Noticed a wizard
   577 | D        | Killed a wizard
   578 | D        | Reached skill level 5 in Spellcasting
   578 | D        | Reached skill level 9 in Earth Magic
   578 | D        | Reached XP level 5. HP: 28/28 MP: 8/12
   578 | D        | Noticed a soul eater
   582 | D        | Slain by a soul eater

Illustrated notes

Levels and vault maps discovered:
D:        dungeon_sprint_mu [sprint_mu_entry_forest, sprint_mu_temple_rooms,
          sprint_mu_d1_spiders, sprint_mu_d2_genie, sprint_mu_d3_branching,
          sprint_mu_orc_legion, sprint_mu_elf_gauntlet, sprint_mu_hive_nellie,
          sprint_mu_lair_fedhas, sprint_mu_vaults_butterflies,
          sprint_mu_slime_circle, sprint_mu_shoals_archi,
          sprint_mu_snake_twists, sprint_mu_blade_basic, sprint_mu_crypt_lich,
          sprint_mu_tomb_spiral, sprint_mu_vestibule_basic,
          sprint_mu_gehenna_hellfire, sprint_mu_dis_giant,
          sprint_mu_tartarus_statrot, sprint_mu_cocytus_islands, sprint_mu_zot1]

Skill      XL: |  1  2  3  4 |
---------------+-------------+-----
Earth Magic    | 6 8 9 |  9.2
Dodging        | 2 3 |  3.0
Spellcasting   | 3 4 5 |  5.4
Stealth        | 3 |  3.7
Transmutations | |  0.9

Action                   |  1- 3 |  4- 6 || total
-------------------------+-------+-------++-------
 Cast: Sandblast         |    20 |     5 ||    25
       Stone Arrow       |       |     2 ||     2
  Use: Scroll            |     1 |       ||     1
       Potion            |     1 |       ||     1
Dodge: Dodged            |     8 |     2 ||    10

Table legend: (Time is in decaauts)
 A = Elapsed time spent in this place.
 B = Non-inter-level travel time spent in this place.
 C = Inter-level travel time spent in this place.
 D = Time resting spent in this place.
 E = Time spent auto-exploring this place.
 F = Levels seen in this place.
 G = Mean time per level.
                   A        B        C        D        E       F      G
               +--------+--------+--------+--------+--------+-----+--------+
         Total |    596 |    596 |      0 |    415 |      1 |   1 |  596.0 |
       Dungeon |    596 |    596 |      0 |    415 |      1 |   1 |  596.0 |
               +--------+--------+--------+--------+--------+-----+--------+

Top non-repeatable levels by time:
       D: 596 daAuts
